 Dungeon Crawl Stone Soup version 0.29.1-2-gbd0b4ee654 (webtiles) character file.

Game seed: 5360614283443585834

29 funnyparkerb the Sneak (level 3, -1/18 HPs)
             Began as a Vine Stalker Brigand on Oct 26, 2022.
             Slain by Sigmund
             ... wielding a +0 scythe
              (8 damage)
             ... on level 2 of the Dungeon.
             The game lasted 00:02:00 (1161 turns).

funnyparkerb the Sneak (Vine Stalker Brigand)       Turns: 1161, Time: 00:02:00

Health: -1/18      AC:  7    Str: 13    XL:     3   Next: 16%
Magic:  0/4        EV:  9    Int: 11    God:
Gold:   24         SH:  0    Dex: 17    Spells: 2/2 levels left

rFire   . . .      SeeInvis .   (no weapon)
rCold   . . .      Faith    .   (no shield)
rNeg    . . .      Spirit   +   g - +0 scale mail
rPois   .          Reflect  .   (no helmet)
rElec   .          Harm     .   c - +0 cloak
rCorr   .          Rampage  .   (no gloves)
Will    .....                   (no boots)
Stlth   ++........              (no amulet)
HPRegen 0.06/turn               (no ring)
MPRegen 0.09/turn               (no ring)

@: no status effects
A: fangs 2, magic shield, antimagic bite, no potion heal 2
a: no special abilities


You were on level 2 of the Dungeon.
You visited 1 branch of the dungeon, and saw 2 of its levels.

You collected 24 gold pieces.

Inventory:

Hand Weapons
 a - a +2 dagger
Missiles
 d - 6 poisoned darts (quivered)
Armour
 c - a +0 cloak (worn)
 g - a +0 scale mail (worn)
Scrolls
 b - a scroll of noise {unknown}
 f - a scroll of identify {unknown}
 h - a scroll of vulnerability {unknown}
 i - 3 scrolls of fog {unknown}


   Skills:
 + Level 2.3 Fighting
 * Level 2.8 Short Blades
 - Level 1.7 Throwing
 - Level 0.7 Dodging
 - Level 4.8 Stealth


You had 2 spell levels left.
You didn't know any spells.
Your spell library was empty.

Dungeon Overview and Level Annotations

Branches:
Dungeon (2/15)

Altars:

Annotations:
D:2 Sigmund


Innate Abilities, Weirdness & Mutations

You have extremely sharp teeth.
When hurt, damage is shared between your health and your magic reserves.
Your bite disrupts and absorbs the magic of your enemies.
Potions cannot restore your health.


Message History

You are now empty-handed.
Throw: 9 darts (poison)
Press: ? - help, Q - select action, (/) - cycle Shift-Dir - straight line, f - Sigmund
Aim: Sigmund, wielding a +0 scythe and wearing a +0 robe (57% to hit)
Okay, then.
Throw: 3 darts (curare)
Press: ? - help, Shift-Dir - straight line, f - Sigmund
Aim: Sigmund, wielding a +0 scythe and wearing a +0 robe (57% to hit)
You throw a curare-tipped dart.
The curare-tipped dart closely misses Sigmund.
Throw: 2 darts (curare)
Press: ? - help, Shift-Dir - straight line, f/p - Sigmund
Aim: Sigmund, wielding a +0 scythe and wearing a +0 robe (57% to hit)
You throw a curare-tipped dart.
The curare-tipped dart completely misses Sigmund.
Throw: dart (curare)
Press: ? - help, Shift-Dir - straight line, f/p - Sigmund
Aim: Sigmund, wielding a +0 scythe and wearing a +0 robe (57% to hit)
You throw a curare-tipped dart.
The curare-tipped dart barely misses Sigmund.
Sigmund casts a spell at you. The puff of flame hits you!
Throw: 9 darts (poison)
Press: ? - help, Shift-Dir - straight line, f/p - Sigmund
Aim: Sigmund, wielding a +0 scythe and wearing a +0 robe (57% to hit)
You throw a poisoned dart. The poisoned dart hits Sigmund.
Sigmund is poisoned.
Throw: 8 darts (poison)
Press: ? - help, Shift-Dir - straight line, f/p - Sigmund
Aim: Sigmund, wielding a +0 scythe and wearing a +0 robe (poisoned, 57% to hit)
You throw a poisoned dart. The poisoned dart hits Sigmund.
Sigmund looks even sicker.
Sigmund hits you from afar with a +0 scythe.
Throw: 7 darts (poison)
Press: ? - help, Shift-Dir - straight line, f/p - Sigmund
Aim: Sigmund, wielding a +0 scythe and wearing a +0 robe (lightly wounded, very poisoned, 57% to hit)
You throw a poisoned dart. The poisoned dart hits Sigmund.
Sigmund looks even sicker.
Sigmund is lightly wounded.
Sigmund hits you from afar with a +0 scythe!
You die...

....... ...... #
..... #.#
....##########.#
#..........<........
......#.####†....###
>.....#.####.###^#
(....@.@.....# #
........#.##.#
........#.##.#
..####..#.##.# .
...#.##.# .........#
#..........
#.#..#.####


You could see Sigmund (very poisoned).

Vanquished Creatures
  A worm (D:2)
  2 dart slugs (D:1)
  2 ball pythons (D:1)
  3 bats (D:1)
  2 endoplasms (D:1)
  2 hobgoblins
  6 kobolds (D:1)
  A quokka (D:1)
  A frilled lizard (D:1)
  A rat (D:2)
21 creatures vanquished.

Notes
Turn   | Place    | Note
-------+----------+-------------------------------------------
     0 | D:1      | funnyparkerb the Vine Stalker Brigand began the quest for
                  | the Orb.
     0 | D:1      | Reached XP level 1. HP: 11/11 MP: 2/2
   339 | D:1      | Reached XP level 2. HP: 12/15 MP: 1/3
   514 | D:1      | Found a faded altar of an unknown god.
   978 | D:1      | Reached XP level 3. HP: 18/18 MP: 4/4
  1153 | D:2      | Noticed Sigmund
  1161 | D:2      | Slain by Sigmund

Illustrated notes

Levels and vault maps discovered:
D:1:      dpeg_arrival_three_bigger_balls, layout_basic,
          hellmonk_ecumenical_altar_zigzags, chequers_serial_rivers_room_b
D:2:      layout_loops_ring, grunt_ministairs_3, uniq_sigmund

Skill      XL: |  1 |
---------------+----+-----
Short Blades   | 2 |  2.8
Fighting       | 2 |  2.3
Throwing       | |  1.7
Dodging        | |  0.7
Stealth        | |  4.8

Action                   || total
-------------------------++-------
Melee: Dagger            ||    71
       Bite              ||    22
       Punch             ||     2
Throw: Dart              ||     6
 Stab: Sleeping          ||     3
Armor: Robe              ||     3
       Scale mail        ||    23
Dodge: Dodged            ||    34
